 Dungeon Crawl Stone Soup version 0.31-a0-38-g1548c4f2a5 (webtiles) character file.

Game seed: 432449954883414176

123 pk666 the Magician (level 4, 0/24 HPs)
             Began as a Deep Elf Fire Elementalist on May 16, 2023.
             Slain by a river rat (6 damage)
             ... in a sewer.
             The game lasted 00:02:49 (2361 turns).

pk666 the Magician (Deep Elf Fire Elementalist)     Turns: 2361, Time: 00:02:51

Health: 0/24       AC:  3    Str:  5    XL:     4   Next: 79%
Magic:  18/21      EV: 13    Int: 22    God:
Gold:   120        SH:  0    Dex: 15    Spells: 8/11 levels left

rFire   . . .        q - +0 dagger (speed)
rCold   . . .        (no shield)
rNeg    . . .        a - +0 robe
rPois   .            (no helmet)
rElec   .            c - +0 cloak
rCorr   .            (no gloves)
SInv    .            (no boots)
Will    .....        (no amulet)
Stlth   ++           j - ring of magical power
HPRegen 0.24/turn    (no ring)
MPRegen 0.17/turn

%: no passive effects
@: no status effects
A: no striking features
a: no special abilities


You were in a sewer.
You visited 1 branch of the dungeon, and saw 3 of its levels.
You also visited: Sewer.

You collected 120 gold pieces.

Inventory:

Hand Weapons
 q - a +0 dagger of speed (weapon)
Armour
 a - a +0 robe (worn)
 c - a +0 cloak (worn)
Jewellery
 j - a ring of magical power (left hand)
 k - an amulet of regeneration
Scrolls
 d - a scroll of teleportation {unknown}
 e - 2 scrolls of poison {unknown}
 f - 2 scrolls of fear {unknown}
 g - 4 scrolls of identify {unknown}
 l - a scroll of vulnerability {unknown}
 n - a scroll of blinking {unknown}
 o - a scroll of butterflies {unknown}
Potions
 b - a potion of magic
 h - 2 potions of lignification {unknown}
 i - a potion of flight {unknown}
 m - a potion of invisibility {unknown}
 p - a potion of degeneration {unknown}


   Skills:
 + Level 3.7 Dodging
 - Level 2.4 Stealth
 + Level 4.2 Spellcasting
 + Level 2.5 Conjurations
 + Level 4.1 Fire Magic


You had 8 spell levels left.
You knew the following spells:

 Your Spells              Type           Power      Damage    Failure   Level
a - Foxfire               Conj/Fire      76%        2x1d7     2%          1
b - Scorch                Fire           46%        2d6       3%          2

Your spell library contained the following spells:

 Spells                   Type           Power      Damage    Failure   Level
 Inner Flame              Hex/Fire       13%        N/A       14%         3
 Volatile Blastmotes      Fire/Tloc      26%        2d12      14%         3
 Flame Wave               Conj/Fire      19%        2d7       26%         4


Dungeon Overview and Level Annotations

Branches:
Dungeon (3/15)              Sewer (1/1)

Altars:


Message History

The river rat is lightly wounded.
The river rat's fire resistance burns away.
The river rat closely misses you. The river rat misses you.
Flames lash the rat.
You kill the rat!
The river rat bites you. x2
You are too injured to fight recklessly!
You are too injured to fight recklessly!
You are too injured to fight recklessly!
You are too injured to fight recklessly!
Casting: Scorch (safe; 3% risk of failure)
Confirm with . or Enter, or press ? or * to list all spells.
Flames lash the river rat.
The river rat is burned terribly!
You kill the river rat!
The river rat is no longer more vulnerable to fire.
The river rat bites you.
* * * LOW HITPOINT WARNING * * *
Casting: Scorch (safe; 3% risk of failure)
Confirm with . or Enter, or press ? or * to list all spells.
Flames lash the rat.
You kill the rat!
The river rat closely misses you.
Casting: Scorch (safe; 3% risk of failure)
Confirm with . or Enter, or press ? or * to list all spells.
You don't have enough magic to cast this spell.
Magic courses through your body. The river rat bites you.
* * * LOW HITPOINT WARNING * * *
Your magical contamination has completely faded away.
Casting: Scorch (safe; 3% risk of failure)
Confirm with . or Enter, or press ? or * to list all spells.
Flames lash the river rat but do no damage.
The river rat closely misses you.
A river rat is nearby!
Casting: Scorch (safe; 3% risk of failure)
Confirm with . or Enter, or press ? or * to list all spells.
Flames lash the river rat.
The river rat is moderately wounded.
The river rat's fire resistance burns away.
The river rat bites you.
You die... ############### ~.....†@r†..... ###############

You could see a river rat (combustible).

Vanquished Creatures
  Jessica (D:3)
  Robin (D:3)
  2 river rats (Sewer)
  An adder (D:3)
  A worm (D:3)
  2 dart slugs
  An orc (D:3)
  7 bats
  2 endoplasms
  3 giant cockroaches
  12 goblins
  3 hobgoblins
  A quokka (D:2)
  A ball python (D:1)
  6 frilled lizards
  2 kobolds (D:1)
  7 rats
53 creatures vanquished.

Vanquished Creatures (collateral kills)
  2 foxfires (D:1)
2 creatures vanquished.

Vanquished Creatures (others)
  122 foxfires
122 creatures vanquished.

Grand Total: 177 creatures vanquished

Notes
Turn   | Place    | Note
-------+----------+-------------------------------------------
     0 | D:1      | pk666 the Deep Elf Fire Elementalist began the quest for
                  | the Orb.
     0 | D:1      | Reached XP level 1. HP: 10/10 MP: 6/6
   476 | D:1      | Reached XP level 2. HP: 15/15 MP: 6/8
   500 | D:1      | Learned a level 2 spell: Scorch
  1973 | D:3      | Reached XP level 3. HP: 19/19 MP: 10/10
  1994 | D:3      | Found a faded altar of an unknown god.
  2024 | D:3      | Noticed Robin
  2030 | D:3      | Killed Robin
  2037 | D:3      | Noticed Jessica
  2171 | D:3      | Killed Jessica
  2172 | D:3      | Reached XP level 4. HP: 24/24 MP: 7/12
  2319 | D:3      | Found a glowing drain.
  2347 | Sewer    | Entered a sewer
  2361 | Sewer    | Slain by a river rat

Illustrated notes

Levels and vault maps discovered:
D:1:      ldierk_walled_garden, layout_basic, minmay_door_square
D:2:      layout_loops_ring
D:3:      layout_rooms, chequers_temple_overflow_statue_of_worship,
          nicolae_overflow_ecumenical_swirl, cheibrodos_sewer_entry_bend,
          ebering_ecumenical_altar_webs, hellmonk_no_cap, uniq_robin,
          uniq_jessica
Sewer:    sewer_kobolds

Skill      XL: |  1  2  3 |
---------------+----------+-----
Dodging        | 3 |  3.7
Conjurations   | 2 |  2.5
Spellcasting   | 4 |  4.2
Fire Magic     | 4 |  4.1
Stealth        | |  2.4

Action                     |  1- 3 |  4- 6 || total
---------------------------+-------+-------++-------
   Cast: Foxfire           |    69 |     9 ||    78
         Scorch            |    13 |    13 ||    26
    Use: Potion            |       |     1 ||     1
 Armour: Robe              |     9 |     1 ||    10
  Dodge: Dodged            |    24 |     7 ||    31

Table legend: (Time is in decaauts)
 A = Elapsed time spent in this place.
 B = Non-inter-level travel time spent in this place.
 C = Inter-level travel time spent in this place.
 D = Time resting spent in this place.
 E = Time spent auto-exploring this place.
 F = Levels seen in this place.
 G = Mean time per level.
                   A        B        C        D        E       F      G
               +--------+--------+--------+--------+--------+-----+--------+
         Total |   2363 |   2317 |     46 |     87 |   1896 |   4 |  590.8 |
       Dungeon |   2350 |   2304 |     46 |     87 |   1896 |   3 |  783.3 |
         Sewer |     13 |     13 |      0 |      0 |      0 |   1 |   13.0 |
               +--------+--------+--------+--------+--------+-----+--------+

Top non-repeatable levels by time:
     D:1: 1224 daAuts
     D:2: 775 daAuts
     D:3: 350 daAuts
   Sewer: 13 daAuts
